 Dungeon Crawl Stone Soup version 0.30-a0-847-g17996783a1 (webtiles) character file.

Game seed: 12942976174449705375

110557 BubbleThief the Marksdemonspawn (level 16, -2/134 HPs)
             Began as a Demonspawn Necromancer on Mar 3, 2023.
             Was the Champion of Kikubaaqudgha.
             Slain by a demonic crawler (22 damage)
             ... on level 2 of the Spider Nest.
             The game lasted 01:00:22 (25156 turns).

BubbleThief the Marksdemonspawn (DsNe)             Turns: 25156, Time: 01:00:23

Health: -2/134     AC: 30    Str:  8    XL:     16   Next: 7%
Magic:  7/28       EV: 16    Int: 19    God:    Kikubaaqudgha [******]
Gold:   308        SH:  9    Dex: 20    Spells: 15/31 levels left

rFire   . . .      SeeInvis +    H - +11 hand crossbow "Jafitz" {drain, rF+}
rCold   + + +      Faith    .    (no shield)
rNeg    + . .      Spirit   .    J - +3 leather armour
rPois   +          Reflect  +    w - +2 helmet
rElec   +          Rampage  .    (cloak unavailable)
rCorr   .                        s - +1 pair of gloves
Will    +....                    C - +2 pair of boots
Stlth   ++                       p - amulet of reflection
HPRegen 0.42/turn                Q - ring of Piraobyu {rElec rC++ SInv}
MPRegen 0.21/turn                P - ring of Vigomo {rPois rF- rC+ rN+}

@: lethally poisoned (-2 -> -4), sanguine armoured, animating dead, studying
Shields
A: icemail 1, powered by death 2, sanguine armour 3, condensation shield,
weakness stinger 3
a: Renounce Religion, Unearth Wretches, Torment


You were on level 2 of the Spider Nest.
You worshipped Kikubaaqudgha.
Kikubaaqudgha was exalted by your worship.
You visited 5 branches of the dungeon, and saw 25 of its levels.
You also visited: Gauntlet.

You collected 2154 gold pieces.
You spent 1846 gold pieces at shops.

Inventory:

Hand Weapons
 H - the +11 hand crossbow "Jafitz" (weapon) {drain, rF+}
   (You bought it in a shop on level 2 of the Dungeon)

   rF:        It protects you from fire.
Missiles
 a - 2 throwing nets
Armour
 s - a +1 pair of gloves (worn)
 t - the +1 ring mail of Action {Dex+3}
   (You found it on level 2 of the Dungeon)

   Dex:       It affects your dexterity (+3).
 w - a +2 helmet (worn)
 C - a +2 pair of boots (worn)
 J - a +3 leather armour (worn)
Jewellery
 p - an amulet of reflection (around neck)
 q - a ring of resist corrosion
 y - a +4 ring of protection
 N - the ring "Jeynwano" {Fly Will+}
   (You found it on level 5 of the Lair of Beasts)

   [ring of flight]

   Fly:       It grants you flight.
   Will:      It increases your willpower.
 P - the ring of Vigomo (right hand) {rPois rF- rC+ rN+}
   (You found it on level 2 of the Lair of Beasts)

   [ring of poison resistance]

   rF:        It makes you vulnerable to fire.
   rC:        It protects you from cold.
   rPois:     It protects you from poison.
   rN:        It protects you from negative energy.
 Q - the ring of Piraobyu (left hand) {rElec rC++ SInv}
   (You bought it in a shop on level 12 of the Dungeon)

   [ring of see invisible]

   rC:        It greatly protects you from cold.
   rElec:     It insulates you from electricity.
   SInv:      It lets you see invisible.
 R - an amulet of regeneration
Wands
 h - a wand of digging (8)
 i - a wand of iceblast (5)
 x - a wand of light (7)
 z - a wand of flame (23)
 L - a wand of polymorph (2)
Scrolls
 d - 4 scrolls of magic mapping
 f - 10 scrolls of identify
 g - 2 scrolls of butterflies
 n - 5 scrolls of enchant armour
 r - 5 scrolls of fog
 u - 6 scrolls of enchant weapon
 D - 11 scrolls of teleportation
 E - 3 scrolls of fear
 G - 6 scrolls of blinking
 K - a scroll of brand weapon
Potions
 b - 3 potions of magic
 c - 5 potions of brilliance
 e - 3 potions of berserk rage
 j - 15 potions of curing
 k - 6 potions of attraction
 l - 11 potions of heal wounds
 m - 3 potions of mutation
 o - a potion of resistance
 v - 3 potions of ambrosia
 A - 6 potions of lignification
 B - 3 potions of haste
 F - 4 potions of might
 I - a potion of invisibility
 M - 4 potions of flight
 O - 3 potions of cancellation


   Skills:
 + Level 14.6 Fighting
 - Level 18.0 Ranged Weapons
 + Level 7.1 Dodging
 - Level 1.7 Stealth
 + Level 8.1 Spellcasting
 * Level 13.8 Necromancy


You had 15 spell levels left.
You knew the following spells:

 Your Spells              Type           Power      Damage    Failure   Level
a - Borgnjor's Vile Clut  Necr/Erth      17%        N/A       22%         5
b - Vampiric Draining     Necr           57%        2d10      1%          3
c - Animate Dead          Necr           57%        N/A       1%          4
d - Dispel Undead         Necr           57%        3d20      1%          4

Your spell library contained the following spells:

 Spells                   Type           Power      Damage    Failure   Level
 Kiss of Death            Conj/Necr      100%       2d13      1%          1
 Necrotise                Necr           100%       1d9       1%          1
 Sublimation of Blood     Necr           57%        N/A       1%          2
 Agony                    Necr           57%        N/A       1%          5
 Cigotuvi's Dreadful Rot  Necr/Pois/Air  50%        N/A       3%          2
 Death Channel            Necr           28%        N/A       7%          6
 Apportation              Tloc           14%        N/A       13%         1
 Shock                    Conj/Air       28%        1d4       13%         1
 Sting                    Tmut/Pois      28%        1d4       13%         1
 Summon Small Mammal      Summ           28%        N/A       13%         1
 Ensorcelled Hibernation  Hex/Ice        14%        N/A       21%         2
 Passwall                 Tmut/Erth      5%         N/A       21%         2
 Poisonous Vapours        Pois/Air       14%        N/A       21%         2
 Mephitic Cloud           Conj/Pois/Air  7%         N/A       36%         3
 Spider Form              Tmut/Pois      7%         N/A       36%         3
 Swiftness                Air            7%         N/A       36%         3
 Simulacrum               Ice/Necr       17%        N/A       75%         6
 Airstrike                Air            3%         2d(1-17)  78%         4
 Animate Armour           Summ/Erth      14%        N/A       78%         4
 Leda's Liquefaction      Hex/Erth       3%         N/A       78%         4
 Sticky Flame             Conj/Fire      7%         2d3       78%         4
 Borgnjor's Revivificati  Necr           28%        N/A       96%         8
 Infestation              Necr           28%        N/A       96%         8
 Fireball                 Conj/Fire      3%         3d4       98%         5
 Statue Form              Tmut/Erth      4%         N/A       100%        6
 Haunt                    Necr/Summ      17%        N/A       100%        7
 Necromutation            Tmut/Necr      17%        N/A       100%        8
 Death's Door             Necr           28%        N/A       100%        9


Dungeon Overview and Level Annotations

Branches:
Dungeon (15/15)            Temple (1/1) D:4            Lair (5/5) D:9
 Shoals (0/4) Lair:2       Spider (2/4) Lair:2        Slime (0/5) Lair:4
    Orc (2/2) D:10            Elf (0/3) Orc:2        Vaults (0/5) D:13
 Depths (0/4) D:15        Gauntlet (visited)

Altars:
Ashenzari
Cheibriados
Dithmenos
Fedhas
Hepliaklqana
Kikubaaqudgha
Makhleb
Nemelex Xobeh
Okawaru
Qazlal
Ru
Sif Muna
Trog
Uskayaw
Vehumet
Wu Jian
Xom
Yredelemnul

Shops:
D:2 ((::   D:3 [(   D:9 **(!   D:12 [==?=   Orc:2 :?:=*

Portals:
Trove: D:11 (give +2 storm dragon scales)

Annotations:
D:14 3 runed translucent doors, Jiolyugh's ghost, journeyman GrEE


Innate Abilities, Weirdness & Mutations

A meltable icy envelope protects you from harm. (AC +4)
You regenerate health from kills.
When seriously injured, your blood forms very thick armour. (AC +12)
A meltable shield of frost defends you. (SH +4)
You have a sharp stinger which inflicts weakening toxins.


Message History

The redback looks frightened!
The moth of wrath looks frightened!
The demonic crawler is unaffected.
You feel sick.
The demonic crawler hits you but does no damage.
You block the demonic crawler's attack. The demonic crawler closely misses you.
The demonic crawler hits you but does no damage.
The demonic crawler barely misses you.
The demonic crawler hits you but does no damage.
Okay, then.
Casting: Animate Dead (safe; 1% risk of failure)
Confirm with . or Enter, or press ? or * to list all spells.
Aiming: Borgnjor's Vile Clutch (dangerous; 22% risk of failure)
Press: ? - help, Shift-Dir - straight line, f/p - redback
Aim: a redback (lightly wounded, fleeing, 100% to hit)
Zombie hands grab the demonic crawler.
Your attack snaps the redback out of its fear.
Zombie hands grab the redback.
The zombie hands constrict the redback!
The zombie hands constrict the demonic crawler.
You feel sick. The demonic crawler barely misses you.
You block the demonic crawler's attack. The demonic crawler misses you.
The redback struggles to escape constriction.
The demonic crawler hits you!
* * * LOW HITPOINT WARNING * * *
The demonic crawler hits you but does no damage.
The demonic crawler barely misses you.
The redback struggles to escape constriction.
Casting: Borgnjor's Vile Clutch (dangerous; 22% risk of failure)
Confirm with . or Enter, or press ? or * to list all spells.
Aiming: Borgnjor's Vile Clutch (dangerous; 22% risk of failure)
Press: ? - help, Shift-Dir - straight line, f/p - redback
Aim: a redback (heavily wounded, constricted by zombie hands, 100% to hit)
The demonic crawler is unaffected.
The redback is unaffected.
The zombie hands constrict the redback!
The zombie hands constrict the demonic crawler.
You feel sick. The demonic crawler barely misses you.
You block the demonic crawler's attack. The demonic crawler closely misses you.
The redback struggles to escape constriction.
The demonic crawler hits you!!
You die...
Kikubaaqudgha rasps: "You have failed me!
Welcome... death!"

#.............>...
##.................#
#........B.........##
##................^.##
#...†.....s.........##
##...................##
#..........(.........###
#^.......s...............
##.......@......<.........
#.........................
##........................
##.#.............^.......
###...).................
###...................
#...........^.......
#..##...............^
####.................


You could see a radroach (drained), a demonic crawler (berserk, clutched) and a
redback (clutched).

Vanquished Creatures
  Saint Roka (Orc:1)
  Kirke (D:12)
  A fire giant (D:15)
  A ghost moth (Spider:1)
  Louise (Spider:1)
  An ironbound preserver (D:13)
  2 minotaurs
  A spark wasp (Spider:2)
  2 fire dragons
  2 ogre magi (Orc:2)
  A catoblepas (Lair:5)
  2 centaur warriors (D:14)
  2 hydras
  2 radroaches
  3 boulder beetles
  12 two-headed ogres
  3 ghost crabs
  A death scarab (Gauntlet)
  A tengu warrior (D:15)
  A skyshark (Lair:5)
  5 skeletal warriors (D:15)
  3 deep trolls
  An orb spider (Spider:1)
  Pikel (D:9)
  A lindwurm (Lair:5)
  3 wizards (D:14)
  A lindwurm (shapeshifter) (Gauntlet)
  2 deep elf pyromancers (D:15)
  6 cyclopes
  3 wolf spiders
  4 orc sorcerers (Orc:1)
  21 ugly things
  5 oklob plants
  A manticore (D:11)
  9 elephants
  A moth of wrath (shapeshifter) (D:13)
  2 black mambas (Lair:5)
  3 molten gargoyles (Lair:5)
  A gargoyle (D:10)
  A torpor snail (Spider:1)
  Maggie (Lair:1)
  4 cane toads
  An unseen horror (D:12)
  4 rime drakes
  A demonic crawler (Spider:1)
  14 komodo dragons
  A freezing wraith (D:15)
  4 efreet
  A kobold demonologist (D:12)
  2 tengu conjurers
  9 trolls
  4 hornets
  Grinder (D:4)
  3 tyrant leeches (Spider:1)
  4 tarantellas
  7 dream sheep
  A spectral black mamba (Gauntlet)
  11 blink frogs
  6 jumping spiders
  2 culicivoras (Spider:1)
  A culicivora (shapeshifter) (Gauntlet)
  2 shadows (D:10)
  5 slime creatures (D:15)
  Sigmund (D:4)
  Eustachio (Temple)
  37 yaks
  2 wraiths
  2 vampires (D:11)
  2 humans (D:10)
  4 wyverns
  A chaos spawn (Gauntlet)
  8 basilisks
  10 vampire mosquitoes
  A neqoxec (Gauntlet)
  4 redbacks
  A steam dragon (Lair:5)
  4 wargs
  3 acid dragons
  4 hell hounds (Lair:5)
  8 water moccasins
  15 orc warriors
  An ice beast (D:6)
  A sky beast (D:7)
  2 black bears
  5 wolves (Lair:5)
  17 ogres
  5 centaurs
  A boggart (shapeshifter) (Gauntlet)
  2 phantoms
  3 kobold brigands
  8 bullfrogs
  4 gnoll sergeants
  5 wights (D:10)
  4 scorpions
  11 killer bees
  10 howler monkeys
  An electric eel (Spider:1)
  5 lava snakes (Lair:5)
  2 jellies
  8 orc priests
  6 hounds
  Jessica (D:3)
  6 iguanas
  8 orc wizards
  2 centaur simulacra
  11 gnolls
  13 adders
  2 river rats (D:6)
  2 shadow imps (D:6)
  An ufetubus (D:6)
  3 worms
  2 dart slugs (D:4)
  27 orcs
  9 ball pythons
  7 bats
  11 endoplasms
  2 giant cockroaches
  9 goblins
  6 hobgoblins
  A quokka (D:4)
  3 frilled lizards
  31 kobolds
  5 rats
575 creatures vanquished.

Vanquished Creatures (collateral kills)
  An emperor scorpion (Spider:2)
  A jorogumo (Spider:1)
  2 boulder beetles
  A centaur warrior (D:13)
  2 two-headed ogres (Orc:2)
  The ghost of ders the Thaumaturge, a journeyman DjCj of Ashenzari (Lair:1)
  A skyshark (Lair:5)
  An orb spider (Spider:2)
  6 ugly things
  An elephant (Lair:4)
  3 cane toads
  2 komodo dragons
  3 trolls
  2 blink frogs (Lair:5)
  4 dream sheep
  A jumping spider (Spider:2)
  6 yaks
  A golden eye (shapeshifter) (Gauntlet)
  3 redbacks (Spider:1)
  A warg (Orc:2)
  A hell hound (Lair:5)
  3 water moccasins
  2 orc warriors (Orc:1)
  5 ogres (Orc:2)
  A centaur (D:14)
  7 wolves (Lair:5)
  An orc priest (Orc:1)
  An orc wizard (Orc:2)
  17 orcs
  An endoplasm (D:1)
  A giant cockroach (D:4)
  A kobold (D:4)
  A ball python (D:2)
85 creatures vanquished.

Vanquished Creatures (others)
  A spark wasp zombie (Spider:2)
  A wolf spider zombie (Spider:2)
  11 ugly thing zombies
  A jorogumo zombie (Spider:1)
  A centaur zombie (D:14)
  A redback zombie (Spider:1)
  2 tyrant leeches (Spider:1)
  A human zombie (Spider:1)
  A boulder beetle zombie (Spider:2)
  3 jumping spider zombies (Spider:2)
  2 culicivora zombies
  2 tarantella zombies
  A redback (Spider:2)
  2 two-headed ogre zombies (Orc:2)
  2 cane toad zombies
  3 blink frog zombies (Lair:5)
  5 elephant zombies
  2 cyclops zombies (Orc:2)
  2 water moccasin zombies (Lair:5)
  A warg zombie (Orc:1)
  15 yak zombies
  3 troll zombies
  4 wolf zombies (Lair:5)
  An orc priest (Orc:1)
  3 killer bee zombies (D:8)
  5 ogre zombies (Orc:2)
  A gnoll zombie (D:13)
  19 orc zombies
  17 fungi
  33 plants
146 creatures vanquished.

Grand Total: 806 creatures vanquished

Notes
Turn   | Place    | Note
-------+----------+-------------------------------------------
     0 | D:1      | BubbleThief the Demonspawn Necromancer began the quest for
                  | the Orb.
     0 | D:1      | Reached XP level 1. HP: 13/13 MP: 3/3
   392 | D:1      | Gained mutation: You have a small tail. [demonic ancestry]
   392 | D:1      | Reached XP level 2. HP: 19/19 MP: 1/5
   602 | D:1      | Reached skill level 5 in Necromancy
   719 | D:1      | Found a faded altar of an unknown god.
  1462 | D:2      | Gained mutation: When seriously injured, your blood forms
                  | armour. (AC +12) [demonic ancestry]
  1462 | D:2      | Reached XP level 3. HP: 24/24 MP: 3/6
  1599 | D:2      | Found Jobrilo's Antique Weapon Emporium.
  1666 | D:2      | Found Guakaqay's Antique Weapon Shoppe.
  1688 | D:2      | Identified the +1 ring mail of Action {Dex+3}
  1834 | D:2      | Found Xawutu's Book Shoppe.
  1966 | D:2      | Found Riaferphe's Book Shoppe.
  2651 | D:3      | Noticed Jessica
  2674 | D:3      | Killed Jessica
  2675 | D:3      | Reached XP level 4. HP: 20/30 MP: 0/8
  2755 | D:3      | Found Qeiduupe's Antique Weapon Boutique.
  3182 | D:3      | Gained mutation: You regenerate a little health from kills.
                  | [demonic ancestry]
  3182 | D:3      | Reached XP level 5. HP: 33/35 MP: 4/9
  3462 | D:3      | Found Cixiat's Antique Armour Boutique.
  3634 | D:4      | Noticed a black bear
  3642 | D:4      | Killed a black bear
  3643 | D:4      | Gained mutation: You have a tail ending in a sharp stinger.
                  | [demonic ancestry]
  3643 | D:4      | Reached XP level 6. HP: 41/41 MP: 3/11
  3707 | D:4      | Learned a level 3 spell: Vampiric Draining
  3721 | D:4      | Learned a level 4 spell: Animate Dead
  3944 | D:4      | Noticed Grinder
  3953 | D:4      | Killed Grinder
  3954 | D:4      | Gained mutation: When seriously injured, your blood forms
                  | thick armour. (AC +12) [demonic ancestry]
  3954 | D:4      | Reached XP level 7. HP: 28/52 MP: 13/13
  4063 | D:4      | Found a staircase to the Ecumenical Temple.
  4089 | Temple   | Entered the Ecumenical Temple
  4089 | Temple   | Found a transporter.
  4089 | Temple   | Found a transporter.
  4091 | Temple   | Found a transporter.
  4091 | Temple   | Found a transporter.
  4108 | Temple   | Became a worshipper of Kikubaaqudgha
  4123 | D:4      | Noticed Sigmund
  4130 | D:4      | Noticed Eustachio
  4164 | Temple   | Killed Eustachio
  4330 | D:4      | Killed Sigmund
  4331 | D:4      | Reached skill level 5 in Fighting
  4434 | D:4      | Reached XP level 8. HP: 58/64 MP: 6/14
  5019 | D:5      | Entered Level 5 of the Dungeon
  5480 | D:5      | Reached * piety under Kikubaaqudgha
  5480 | D:5      | Received a gift from Kikubaaqudgha
  5659 | D:5      | Noticed a two-headed ogre
  5674 | D:5      | Killed a two-headed ogre
  5768 | D:5      | Gained mutation: When seriously injured, your blood forms
                  | very thick armour. (AC +12) [demonic ancestry]
  5768 | D:5      | Reached XP level 9. HP: 72/77 MP: 15/15
  6307 | D:6      | Reached skill level 10 in Fighting
  6781 | D:6      | Found a bloodstained altar of Trog.
  7246 | D:2      | Bought a crystal hand crossbow for 170 gold pieces
  7246 | D:2      | Identified the +11 hand crossbow "Jafitz" {drain, rF+} (You
                  | bought it in a shop on level 2 of the Dungeon)
  7370 | D:7      | Reached skill level 1 in Ranged Weapons
  7413 | D:7      | Reached skill level 2 in Ranged Weapons
  7467 | D:7      | Reached ** piety under Kikubaaqudgha
  7973 | D:8      | Reached skill level 3 in Ranged Weapons
  8008 | D:8      | Reached skill level 4 in Ranged Weapons
  8058 | D:8      | Reached skill level 5 in Ranged Weapons
  8058 | D:8      | Gained mutation: A meltable shield of frost defends you.
                  | (SH +4) [demonic ancestry]
  8058 | D:8      | Reached XP level 10. HP: 88/88 MP: 16/16
  8263 | D:8      | Reached skill level 6 in Ranged Weapons
  8757 | D:9      | Found Zikk's Distillery.
  8768 | D:9      | Reached *** piety under Kikubaaqudgha
  8768 | D:9      | Received a gift from Kikubaaqudgha
  8776 | D:9      | Learned a level 4 spell: Dispel Undead
  8854 | D:9      | Noticed Pikel
  8859 | D:9      | Killed Pikel
  8860 | D:9      | Reached skill level 7 in Ranged Weapons
  8892 | D:9      | Reached skill level 8 in Ranged Weapons
  8922 | D:9      | Found Vytuv's General Store.
  8963 | D:9      | Found Agiovurr's Weapon Shoppe.
  9103 | D:9      | Found a staircase to the Lair.
  9285 | D:9      | Reached skill level 9 in Ranged Weapons
  9285 | D:9      | Found Agoij's General Store.
  9560 | D:10     | Entered Level 10 of the Dungeon
  9598 | D:10     | Noticed a fire dragon
  9639 | Lair:1   | Entered Level 1 of the Lair of Beasts
  9712 | Lair:1   | Reached XP level 11. HP: 93/93 MP: 17/17
  9715 | Lair:1   | Reached skill level 10 in Ranged Weapons
  9717 | Lair:1   | Reached **** piety under Kikubaaqudgha
  9905 | Lair:1   | Found a runed translucent gate.
  9905 | Lair:1   | Found a runed translucent gate.
  9905 | Lair:1   | Found a runed translucent gate.
  9907 | Lair:1   | Noticed ders's ghost (journeyman DjCj)
  9907 | Lair:1   | Noticed a minotaur
 10057 | Lair:1   | Reached skill level 11 in Ranged Weapons
 10095 | Lair:1   | Noticed Maggie
 10098 | Lair:1   | Killed Maggie
 10160 | Lair:1   | Noticed a deep troll
 10167 | Lair:1   | Killed a deep troll
 10403 | Lair:2   | You fall into a shaft and drop 2 floors!
 10434 | Lair:4   | Reached skill level 12 in Ranged Weapons
 10696 | Lair:4   | Reached skill level 13 in Ranged Weapons
 10817 | Lair:4   | Reached ***** piety under Kikubaaqudgha
 11052 | Lair:4   | Noticed an oklob plant
 11052 | Lair:4   | Noticed an oklob plant
 11189 | Lair:4   | Noticed an oklob plant
 11749 | Lair:4   | Reached XP level 12. HP: 79/100 MP: 18/18
 12043 | Lair:4   | Found a staircase to the Slime Pits.
 12077 | Lair:5   | Entered Level 5 of the Lair of Beasts
 12095 | Lair:5   | Noticed a catoblepas
 12102 | Lair:5   | Killed a catoblepas
 12189 | Lair:5   | Reached skill level 14 in Ranged Weapons
 12414 | Lair:5   | Reached skill level 15 in Ranged Weapons
 12548 | Lair:5   | Found a large runed translucent door.
 12548 | Lair:5   | Found a large runed translucent door.
 12909 | Lair:5   | Reached skill level 16 in Ranged Weapons
 12996 | Lair:5   | Gained mutation: A meltable icy envelope protects you from
                  | harm. (AC +4) [demonic ancestry]
 12996 | Lair:5   | Reached XP level 13. HP: 106/106 MP: 19/19
 13535 | Lair:5   | Identified the ring "Jeynwano" {Fly Will+}
 13768 | Lair:5   | Noticed a fire dragon
 14094 | Lair:3   | Reached skill level 17 in Ranged Weapons
 14748 | Lair:2   | Found a staircase to the Shoals.
 14820 | Lair:2   | Identified the ring of Vigomo {rPois rF- rC+ rN+}
 14990 | Lair:2   | Found a hole to the Spider Nest.
 15441 | Lair:1   | Killed a minotaur
 15455 | Lair:1   | Killed ders's ghost
 15574 | D:10     | Killed a fire dragon
 15631 | D:10     | Reached ****** piety under Kikubaaqudgha
 15648 | D:10     | Found a staircase to the Orcish Mines.
 15668 | D:10     | Found an iron altar of Okawaru.
 15682 | D:10     | Reached skill level 18 in Ranged Weapons
 16691 | D:11     | Received a gift from Kikubaaqudgha
 16885 | D:11     | Found a portal to a secret trove of treasure.
 17031 | D:11     | Gained mutation: You have a sharp stinger which inflicts
                  | weakening toxins. [demonic ancestry]
 17031 | D:11     | Reached XP level 14. HP: 100/116 MP: 20/20
 17205 | D:12     | Found Buethiw's Jewellery Shoppe.
 17206 | D:12     | Found Arunlar's Antique Armour Emporium.
 17296 | D:12     | Found Gisunit's Jewellery Shoppe.
 17339 | D:12     | Found Syshrey's Jewellery Shop.
 17358 | D:12     | Noticed Kirke
 17369 | D:12     | Killed Kirke
 17514 | D:12     | Found Kesul's Magic Scroll Emporium.
 17891 | D:12     | Bought the ring of Piraobyu {rElec rC++ SInv} for 744 gold
                  | pieces
 18106 | D:13     | Got Olifud's Writings on the Fiery Dose
 18387 | D:13     | Noticed an ironbound preserver
 18397 | D:13     | Killed an ironbound preserver
 18465 | D:13     | Reached skill level 5 in Spellcasting
 18497 | D:13     | Found a gate to the Vaults.
 18860 | D:14     | Noticed Jiolyugh's ghost (journeyman GrEE)
 18861 | D:14     | Found a runed translucent gate.
 19162 | D:14     | Reached skill level 10 in Necromancy
 19298 | D:14     | Found a runed translucent gate.
 19303 | D:14     | Found a runed translucent gate.
 19821 | D:15     | Entered Level 15 of the Dungeon
 19830 | D:15     | Identified the +0 robe of Zonuicuicoacs {Rampage rC- rN++
                  | Archmagi}
 19959 | D:15     | Found a gate leading to a gauntlet.
 19994 | Gauntlet | Entered a Gauntlet
 19994 | Gauntlet | Found a transporter.
 20006 | Gauntlet | Found a transporter.
 20009 | Gauntlet | Found a transporter.
 20010 | Gauntlet | Found a transporter.
 20021 | Gauntlet | Found a transporter.
 20022 | Gauntlet | Found a transporter.
 20023 | Gauntlet | Found a transporter.
 20034 | Gauntlet | Found a transporter.
 20035 | Gauntlet | Found a transporter.
 20039 | Gauntlet | Found a transporter.
 20046 | Gauntlet | Found a transporter.
 20047 | Gauntlet | Found a transporter.
 20058 | Gauntlet | Found a transporter.
 20089 | Gauntlet | Found a transporter.
 20265 | Gauntlet | Paralysed by a hornet for 2 turns
 20372 | Gauntlet | Gained mutation: You regenerate health from kills. [demonic
                  | ancestry]
 20372 | Gauntlet | Reached XP level 15. HP: 125/125 MP: 19/24
 20410 | Gauntlet | Reached skill level 5 in Dodging
 20551 | D:15     | Identified the +8 spear "Tiphor" {speed, Str+3 Int+3 SInv}
 20573 | D:15     | Found a staircase to the Depths.
 20573 | D:15     | Noticed a fire giant
 20596 | D:15     | Killed a fire giant
 21140 | D:15     | Found a bloodstained altar of Trog.
 21362 | D:12     | Bought a spiked ring mail for 252 gold pieces
 21362 | D:12     | Identified the +0 ring mail "Iropn" {rCorr Str+2} (You
                  | bought it in a shop on level 12 of the Dungeon)
 21720 | Orc:1    | Entered Level 1 of the Orcish Mines
 21950 | Orc:2    | Entered Level 2 of the Orcish Mines
 21950 | Orc:2    | Noticed Saint Roka
 21950 | Orc:2    | Found Reakelo's Book Shop.
 21950 | Orc:2    | Found Hossisau's Assorted Antiques.
 21965 | Orc:1    | Killed Saint Roka
 22041 | Orc:2    | Found a staircase to the Elven Halls.
 22316 | Orc:2    | Found Maelador's Magic Scroll Shoppe.
 22318 | Orc:2    | Bought a scroll of teleportation for 93 gold pieces
 22324 | Orc:2    | Found Weatuul's Self-Improvement Boutique.
 22342 | Orc:2    | Found Qeiwnuze's Jewellery Boutique.
 22345 | Orc:2    | Bought a scroll of blinking for 127 gold pieces
 22791 | Orc:1    | Upgraded the game from 0.30-a0-845-g7c6808c8ce to
                  | 0.30-a0-847-g17996783a1
 22983 | D:2      | Bought the Precepts of Dusty Configuration for 460 gold
                  | pieces
 22989 | D:2      | Learned a level 5 spell: Borgnjor's Vile Clutch
 23869 | Spider:1 | Entered Level 1 of the Spider Nest
 24295 | Spider:1 | Noticed Louise
 24315 | Spider:1 | Killed Louise
 24372 | Spider:1 | Your ally Louise died
 25040 | Spider:2 | Reached XP level 16. HP: 125/126 MP: 26/28
 25156 | Spider:2 | Slain by a demonic crawler

Illustrated notes

Levels and vault maps discovered:
D:1:      ncdulo_lavacross, layout_basic, shapermc_ecumenical_altar_pompeii
D:2:      layout_basic, serial_shops, shop_fountains, shop_fountains,
          nicolae_lakefront_shop, nicolae_shop_crystal, chequers_big_river,
          nicolae_kite_square_tiling_tiny
D:3:      layout_basic, serial_shops, shop, shop_statue, uniq_jessica
D:4:      layout_loops_ring, zin_academy, minmay_temple_entry_arrows,
          kennysheep_flooded_box, serial_bayou_pond_b, uniq_sigmund,
          uniq_grinder, uniq_eustachio
D:5:      layout_basic, chequers_mini_garden, minmay_manual_mullet
D:6:      layout_rooms, overflow_temple_1_default, portal_sewer_entry_e
D:7:      layout_loops_ring
D:8:      layout_loops_ring
D:9:      layout_loops_cross, grunt_lair_entry_orc_guard_hut, serial_bayou,
          serial_bayou_crossing, serial_bayou_shore_b, serial_bayou_pond_e,
          serial_shops, shop, shop, nicolae_shop_waterfront,
          nicolae_shop_crystal, uniq_pikel
D:10:     minmay_chambers_of_sixes, layout_basic, okawaru_humans, orc_0_dummy
D:11:     layout_basic, nicolae_trove_entry_isolated
D:12:     layout_basic, serial_shops, shop, shop, kennysheep_mini_moat,
          nicolae_stop_n_shop_2, shop, hangedman_decor_peaks_small, uniq_kirke
D:13:     layout_roguey, skrybe_vaults_entry_preservation
D:14:     layout_roguey, gammafunk_ghost_split, serial_corexii_hall,
          corexii_hall_statues_x, corexii_hall_statues_deadend,
          chequers_hall_statues_y, chequers_hall_statues_corner_a,
          grunt_ministairs_13
D:15:     grunt_enter_depths_giant_problem, layout_irregular_city,
          gauntlet_entry_generic, abandoned_shop, trog_butcher_becter
Temple:   hellmonk_temple_divided_pantheon
Lair:1:   dreamdust_cave_troll, layout_regular_city,
          maelrawn_ghost_gauntlet_escape, uniq_maggie
Lair:2:   dpeg_oklob_gauntlet, layout_chaotic_city, shoals_dummy_entry,
          spider_nest_entry_webs, st_stairs_8, infiniplex_staircase_pool_2
Lair:3:   layout_concentric_octagons, st_stairs_9,
          chequers_serial_rivers_micro_e, chequers_serial_rivers_room_b
Lair:4:   layout_layer_cave, minmay_slime_entry_oklob_open
Lair:5:   cheibrodos_lair_end_hotspot, layout_cave_pods, lemuel_fruit_fields
Spider:1: layout_spider_delve, drop_trap, nicolae_spider_swamp_cousins,
          uniq_louise
Spider:2: cheibrodos_spider_silkery
Orc:1:    layout_caves
Orc:2:    st_orc_open, layout_caves, nicolae_shop_self_help, uniq_saint_roka

Skill      XL: |  1  2  3  4  5  6  7  8  9 10 11 12 13 14 15 16 |
---------------+-------------------------------------------------+-----
Necromancy     | 5 6 7 11 13 | 13.8
Spellcasting   | 3 4 6 8 |  8.1
Fighting       | 3 6 9 11 12 13 14 | 14.6
Ranged Weapons | 5 9 13 16 18 | 18.0
Dodging        | 4 6 7 |  7.1
Stealth        | |  1.7

Action                     |  1- 3 |  4- 6 |  7- 9 | 10-12 | 13-15 | 16-18 || total
---------------------------+-------+-------+-------+-------+-------+-------++-------
  Melee: Unarmed           |     2 |       |       |       |       |       ||     2
         Dagger            |    15 |    41 |   329 |       |       |       ||   385
         Tailslap          |     3 |     7 |    50 |       |       |       ||    60
         Punch             |       |       |     4 |       |       |       ||     4
         Hand crossbow     |       |       |       |       |     2 |       ||     2
   Fire: Hand crossbow     |       |       |    32 |   360 |   872 |    19 ||  1283
   Cast: Necrotise         |    73 |    54 |    46 |       |       |       ||   173
         Vampiric Draining |       |       |    27 |     6 |       |       ||    33
         Animate Dead      |       |       |     1 |     6 |    23 |     1 ||    31
         Dispel Undead     |       |       |       |       |    13 |       ||    13
         Borgnjor's Vile C |       |       |       |       |       |     3 ||     3
 Invoke: Receive Forbidden |       |       |       |       |     1 |       ||     1
         Unearth Wretches  |       |       |       |       |     1 |       ||     1
  Evoke: Wand              |       |     2 |     4 |       |       |       ||     6
    Use: Scroll            |       |       |    10 |    11 |     7 |     2 ||    30
         Potion            |       |       |       |       |     1 |       ||     1
   Stab: Sleeping          |       |     1 |       |       |       |       ||     1
         Invisible         |       |     3 |     1 |       |       |       ||     4
         Distracted        |       |       |     1 |       |       |       ||     1
 Armour: Robe              |     4 |       |       |       |       |       ||     4
         Ring mail         |     8 |    30 |   270 |       |       |       ||   308
         Leather armour    |       |       |     9 |   164 |   216 |    11 ||   400
  Dodge: Dodged            |    10 |    24 |   246 |   145 |   254 |    19 ||   698
  Block: Other             |       |       |       |    38 |   146 |     8 ||   192
         Reflection        |       |       |       |       |     8 |       ||     8

Table legend: (Time is in decaauts)
 A = Elapsed time spent in this place.
 B = Non-inter-level travel time spent in this place.
 C = Inter-level travel time spent in this place.
 D = Time resting spent in this place.
 E = Time spent auto-exploring this place.
 F = Levels seen in this place.
 G = Mean time per level.
                   A        B        C        D        E       F      G
               +--------+--------+--------+--------+--------+-----+--------+
         Total |  25470 |  23412 |   2058 |    734 |  18195 |  26 |  979.6 |
       Dungeon |  15829 |  14369 |   1460 |     66 |  11685 |  15 | 1055.3 |
        Temple |    181 |    181 |      0 |    127 |      1 |   1 |  181.0 |
          Lair |   6480 |   5979 |    501 |    186 |   4841 |   5 | 1296.0 |
   Spider Nest |   1294 |   1275 |     19 |    153 |    816 |   2 |  647.0 |
  Orcish Mines |   1129 |   1052 |     77 |     63 |    639 |   2 |  564.5 |
      Gauntlet |    554 |    554 |      0 |    139 |    212 |   1 |  554.0 |
               +--------+--------+--------+--------+--------+-----+--------+

Top non-repeatable levels by time:
  Lair:5: 2221 daAuts
  Lair:4: 1877 daAuts
     D:2: 1434 daAuts
     D:1: 1374 daAuts
     D:5: 1329 daAuts
     D:4: 1278 daAuts
     D:3: 1201 daAuts
Spider:1: 1159 daAuts
    D:14: 1108 daAuts
    D:12: 1018 daAuts
     D:6: 975 daAuts
    D:11: 968 daAuts
  Lair:1: 966 daAuts
    D:15: 956 daAuts
     D:9: 928 daAuts
